 Dungeon Crawl Stone Soup version 0.32-a0-607-g64ea0e4219 (webtiles) character file.

Game seed: 15082811728000335111

269461 sleeves the Brawler (level 19, -2/268 HPs)
             Began as a Troll Shapeshifter on Mar 4, 2024.
             Was the Champion of Cheibriados.
             Slain by a vault warden
             ... wielding a +2 glaive of holy wrath
              (35 damage)
             ... on level 1 of the Vaults.
             The game lasted 01:20:13 (29455 turns).

sleeves the Brawler (Troll Shapeshifter)           Turns: 29455, Time: 01:20:13

Health: -2/268     AC: 22    Str: 48    XL:     19   Next: 40%
Magic:  24/27      EV: 13    Int: 24    God:    Cheibriados [******]
Gold:   3223       SH: 20    Dex: 20    Spells: 16/22 levels left

rFire   . .          .
                       - Unarmed
rCold   + + .        R - +0 tower shield
rNeg    . . .        M - quicksilver dragon scales
rPois   +            h - +2 hat {Int+3}
rElec   .            T - +1 cloak {Stlth+}
rCorr   +            (gloves unavailable)
SInv    +            (boots unavailable)
Will    ++...        v - amulet of regeneration Stlth
                     l - ring of the Platytaur {rPois rC++ rCorr Dex-4 SInv}
HPRegen 2.24/turn    x - +4 ring of protection
MPRegen 0.20/turn

%: no passive effects
@: berserking, invisible, very slow
A: large, unfitting armour, claws 3, regeneration 1, shaggy fur 1, tough skin 1
}: 2/15 runes: decaying, serpentine
a: Renounce Religion, Bend Time, Temporal Distortion, Slouch, Step From Time


You were on level 1 of the Vaults.
You worshipped Cheibriados.
Cheibriados was exalted by your worship.
You visited 7 branches of the dungeon, and saw 32 of its levels.
You also visited: Bailey.

You collected 4228 gold pieces.
You spent 1005 gold pieces at shops.

Inventory:

Missiles
 a - 5 silver javelins
 m - 8 boomerangs (quivered)
 n - 28 large rocks
 C - 12 poisoned darts
 O - a throwing net
 P - 5 javelins
 Z - 7 curare-tipped darts
Armour
 h - a +2 hat of intelligence (worn)
   (You took it off Gastronok on level 1 of the Lair of Beasts)
 M - quicksilver dragon scales (worn)
   (You took it off a spriggan in a bailey)
 R - a +0 tower shield (worn)
   (You took it off a vault guard on level 13 of the Dungeon)
 T - a +1 cloak of stealth (worn)
   (You took it off Nikola on level 4 of the Swamp)
 X - a +1 robe of cold resistance
   (You took it off Fannar on level 2 of the Lair of Beasts)
Jewellery
 l - the ring of the Platytaur (left claw) {rPois rC++ rCorr Dex-4 SInv}
   (You bought it in a shop on level 2 of the Orcish Mines)

   [ring of poison resistance]

   Dex-4:     It affects your dexterity (-4).
   rC++:      It greatly protects you from cold.
   rPois:     It protects you from poison.
   SInv:      It lets you see invisible.
   rCorr:     It protects you from acid and corrosion.
 v - an amulet of regeneration (around neck)
   (You found it on level 14 of the Dungeon)
 x - a +4 ring of protection (right claw)
   (You found it on level 5 of the Dungeon)
 L - a ring of flight
   (You found it on level 9 of the Dungeon)
Wands
 w - a wand of paralysis (38)
   (You found it on level 5 of the Dungeon)
 z - a wand of quicksilver (9)
   (You found it on level 5 of the Lair of Beasts)
 B - a wand of polymorph (15)
   (You found it on level 6 of the Dungeon)
 F - a wand of mindburst (15)
   (You found it on level 2 of the Snake Pit)
 G - a wand of iceblast (30)
   (You took it off a kobold on level 8 of the Dungeon)
 Q - a wand of digging (10)
   (You found it on level 1 of the Swamp)
 U - a wand of flame (49)
   (You found it on level 1 of the Lair of Beasts)
Scrolls
 c - 4 scrolls of butterflies
 d - a scroll of vulnerability
 f - 7 scrolls of fog
 i - a scroll of enchant armour
 o - 9 scrolls of teleportation
 r - a scroll of poison
 s - 5 scrolls of amnesia
 u - 5 scrolls of immolation
 y - 3 scrolls of silence
 A - 4 scrolls of blinking
 E - 2 scrolls of torment
 I - 7 scrolls of revelation
 K - a scroll of noise
Potions
 b - 4 potions of lignification
 g - 6 potions of curing
 j - 2 potions of might
 k - 3 potions of resistance
 p - a potion of cancellation
 q - 3 potions of brilliance
 t - 5 potions of enlightenment
 D - 2 potions of invisibility
 H - a potion of heal wounds
 J - 4 potions of magic
 N - 5 potions of mutation
 S - 2 potions of ambrosia
 V - 5 potions of attraction
Miscellaneous
 e - a lightning rod (4/4)
   (You found it on level 1 of the Lair of Beasts)


   Skills:
 + Level 9.3 Fighting
 + Level 13.1 Throwing
 - Level 8.0 Armour
 - Level 8.0 Dodging
 - Level 15.0 Shields
 + Level 18.1 Unarmed Combat
 - Level 2.0 Spellcasting
 - Level 2.4 Translocations
 - Level 12.0 Invocations
 - Level 3.0 Shapeshifting


You had 16 spell levels left.
You knew the following spells:

 Your Spells              Type           Power      Damage    Failure   Level
a - Passage of Golubria   Tloc           14%        N/A       65%         4
b - Blink                 Tloc           28%        N/A       13%         2

Your spell library contained the following spells:

 Spells                   Type           Power      Damage    Failure   Level
 Kiss of Death            Conj/Necr      8%         2d6       24%         1
 Magic Dart               Conj           8%         1d3       24%         1
 Sandblast                Erth           4%         2d4       24%         1
 Shock                    Conj/Air       8%         1d3       24%         1
 Call Imp                 Summ           4%         N/A       34%         2
 Cigotuvi's Dreadful Rot  Necr/Alch/Air  4%         N/A       34%         2
 Ensorcelled Hibernation  Hex/Ice        4%         N/A       34%         2
 Searing Ray              Conj           4%         2d4       34%         2
 Sublimation of Blood     Necr           2%         N/A       34%         2
 Call Canine Familiar     Summ           2%         N/A       56%         3
 Confusing Touch          Hex            2%         N/A       56%         3
 Passwall                 Erth           2%         N/A       56%         3
 Stone Arrow              Conj/Erth      4%         3d7       56%         3
 Swiftness                Air            2%         N/A       56%         3
 Tukima's Dance           Hex            2%         N/A       56%         3
 Airstrike                Air            1%         2d(1-17)  93%         4
 Brom's Barrelling Bould  Conj/Erth      2%         2d3       93%         4
 Dispel Undead            Necr           2%         3d7       93%         4
 Fulminant Prism          Conj/Alch      1%         3d5       93%         4
 Ignite Poison            Fire/Alch      2%         N/A       93%         4
 Petrify                  Alch/Erth      2%         N/A       93%         4
 Summon Lightning Spire   Summ/Air       2%         N/A       93%         4
 Fireball                 Conj/Fire      1%         3d3       100%        5
 Freezing Cloud           Conj/Ice/Air   1%         6-21      100%        5
 Irradiate                Conj/Alch      1%         3d12      100%        5
 Iskenderun's Battlesphe  Conj           2%         2d6       100%        5
 Yara's Violent Unravell  Hex/Alch       1%         3d3       100%        5
 Conjure Ball Lightning   Conj/Air       1%         3x3d6     100%        6
 Summon Cactus Giant      Summ           1%         N/A       100%        6
 Malign Gateway           Summ/Tloc      4%         N/A       100%        7
 Orb of Destruction       Conj           1%         9d5       100%        7
 Spellforged Servitor     Conj/Summ      1%         N/A       100%        7
 Summon Horrible Things   Summ           1%         N/A       100%        8


Dungeon Overview and Level Annotations

Branches:
Dungeon (15/15)            Temple (1/1) D:6            Lair (5/5) D:10
  Swamp (4/4) Lair:3        Snake (4/4) Lair:3        Slime (0/5) Lair:5
    Orc (2/2) D:12            Elf (0/3) Orc:2        Vaults (1/5) D:13
 Depths (0/4) D:15         Bailey (visited)

Altars:
Ashenzari
Cheibriados
Dithmenos
Elyvilon
Fedhas
Gozag
Hepliaklqana
Kikubaaqudgha
Makhleb
Nemelex Xobeh
Okawaru
Qazlal
Ru
Sif Muna
Trog
Uskayaw
Vehumet
Wu Jian
Xom
Yredelemnul
Zin
The Shining One
Beogh
Jiyva

Shops:
D:4 *   D:6 ?   D:8 (   D:11 ?   Orc:2 [=*(   Snake:1 ?   Vaults:1 [

Annotations:
D:15 1 runed translucent door, Fractals's ghost, journeyman MDFi
Swamp:1 2 transporters, exclusion: obsidian statue


Innate Abilities, Weirdness & Mutations

You are too large for most types of armour.
You have claws for hands.
Your natural rate of healing is unusually fast.
You are covered in fur. (AC +1)
You have tough skin. (AC +1)


Message History

A transporter.
Okay, then.
Okay, then.
Okay, then.
You enter the transporter and appear at another place.
The dream sheep bleats!
The dream sheep "Baaaas" sleepily.
The steam dragon breathes steam at you. The ball of steam hits you.
You hear an angry hiss.
You hear a bellow!
No reachable target in view!
No reachable target in view!
You are engulfed in a cloud of scalding steam.
The steam dragon bites you but does no damage.
The steam dragon completely misses you.
There is a transporter landing site here.
You eviscerate the steam dragon!!!
You kill the steam dragon!
Cheibriados appreciates the change of pace.
You are engulfed in a cloud of scalding steam.
You are engulfed in a cloud of scalding steam.
You see here a steam dragon corpse.
You closely miss the cane toad. You block the cane toad's attack.
You eviscerate the cane toad!!!
You kill the cane toad!
Cheibriados appreciates the change of pace.
You block the cane toad's attack.
The bullfrog croaks.
You mangle the cane toad!!
The cane toad is severely wounded.
You mangle the cane toad!!
You kill the cane toad!
Cheibriados appreciates the change of pace.
There is a transporter landing site here.
The bullfrog releases a deep croak.
The bullfrog hits you but does no damage.
You barely miss the bullfrog.
The yak bellows!
You hear an angry hiss.
You block the bullfrog's attack.
You mangle the bullfrog!!
You kill the bullfrog!
Cheibriados thoroughly appreciates the change of pace.
The bullfrog croaks.
You eviscerate the death yak!!!
The death yak is severely wounded.
The death yak misses you.
You eviscerate the death yak!!!
You kill the death yak!
Cheibriados appreciates the change of pace.
You mangle the black mamba!!
The black mamba is severely wounded.
You block the black mamba's attack.
You barely miss the black mamba.
The black mamba is severely wounded.
You block the black mamba's attack. x2
You mangle the black mamba!!
You kill the black mamba!
Cheibriados thoroughly appreciates the change of pace.
You mangle the komodo dragon!!
The komodo dragon is severely wounded.
You block the komodo dragon's attack.
You completely miss the komodo dragon.
The komodo dragon is severely wounded.
You mangle the komodo dragon!!
You kill the komodo dragon!
Cheibriados appreciates the change of pace.
You barely miss the yak. The yak gores you but does no damage.
You scratch the yak.
The yak is lightly wounded.
You block the yak's attack.
You eviscerate the yak!!!
You kill the yak!
Cheibriados appreciates the change of pace.
No reachable target in view!
You eviscerate the basilisk!!!
You kill the basilisk!
Cheibriados appreciates the change of pace.
No reachable target in view!
No reachable target in view!
A dream sheep is nearby!
A dream sheep is nearby!
Found a wand of digging (2).
The dream sheep ruffles its wool and motes of dream dust sparkle, to no effect.
You have identified the last scroll.
You block the dream sheep's attack.
You eviscerate the dream sheep!!!
You kill the dream sheep!
Cheibriados appreciates the change of pace.
You now have 2361 gold pieces (gained 14).
Q - a wand of digging (10) (gained 2 charges) Pijio's ghost whispers, "Everlasting silence awaits you..."
Pijio's ghost is nearby!
You see here a scroll of acquirement.
You scratch Pijio's ghost but do no damage.
You block Pijio's ghost's attack.
You mangle Pijio's ghost!!
Pijio's ghost is moderately damaged.
Pijio's ghost hits you!
You scratch Pijio's ghost but do no damage.
Pijio's ghost is moderately damaged.
You block Pijio's ghost's attack.
You eviscerate Pijio's ghost!!!
Pijio's ghost is heavily damaged.
You scratch Pijio's ghost.
Pijio's ghost is severely damaged.
You block Pijio's ghost's attack.
You scratch Pijio's ghost but do no damage.
Pijio's ghost is severely damaged.
You block Pijio's ghost's attack.
You barely miss Pijio's ghost.
Pijio's ghost is severely damaged.
Pijio's ghost hits you.
You are electrocuted!!
You claw Pijio's ghost!
Pijio's ghost is severely damaged.
Pijio's ghost hits you but does no damage.
You mangle Pijio's ghost!!
You destroy Pijio's ghost!
Cheibriados appreciates the change of pace.
a - a scroll of acquirement HP restored.
You now have 2374 gold pieces (gained 13).
You now have 2381 gold pieces (gained 7).
You now have 2398 gold pieces (gained 17).
Partly explored, unvisited transporter.
There is a transporter here.
You enter the transporter and appear at another place.
The bullfrog croaks.
You block the bullfrog's attack.
You eviscerate the bullfrog!!!
You kill the bullfrog!
Cheibriados thoroughly appreciates the change of pace.
No target in view!
No target in view!
What level of the Dungeon? (default 10, ? - help)
You see here a blink frog skeleton.
There is a stone staircase leading up, spattered with blood here.
You climb upwards.
There is a stone staircase leading down here.
There is a stone staircase leading up, spattered with blood here.
You climb upwards.
There is a stone staircase leading down here.
Key pressed, stopping travel.
What level of the Dungeon? (default 14, ? - help)
You see here a komodo dragon skeleton.
You see here a basilisk skeleton.
There is a stone staircase leading up here.
You climb upwards.
There is a stone staircase leading down here.
There is a staircase back to the Dungeon here.
You climb upwards.
Welcome back to the Dungeon!
There is a staircase to the Lair here.
Things that are here:
a yak skeleton; an iguana skeleton You see here a yak skeleton.
You see here a basilisk skeleton.
There is a stone staircase leading down, spattered with blood here.
You climb downwards.
There is a stone staircase leading up here.
There is a stone staircase leading down here.
You climb downwards.
There is a stone staircase leading up here.
Things that are here:
a +0 troll leather armour; a troll skeleton
There is an open door here.
Things that are here:
a +0 leather armour; a +0 short sword; an orc skeleton
Things that are here:
a +0 plate armour; a +0 short sword
There is a stone staircase leading down here.
You climb downwards.
There is a stone staircase leading up here.
There is a stone staircase leading down here.
You climb downwards.
Level annotation: exclusion: 2 obsidian statues
There is a stone staircase leading up here.
Things that are here:
a +0 leather armour; a +0 war axe
Things that are here:
a +3 leather armour; a +0 war axe
Okay, then.
Something appears at your feet!
You now have 3103 gold pieces (gained 705).
You see here a +0 chain mail.
Throw: 11 boomerangs
Press: ? - help, Q - select action, (/) - cycle Shift-Dir - straight line, f - obsidian statue
Aim: an obsidian statue (unaware, hasn't noticed you, 94% to hit)
Okay, then.
You see here a +0 chain mail.
The obsidian statue's eyes glow briefly.
You see here a +0 chain mail.
The crimson imp completely misses you.
The crimson imp blinks!
The crimson imp hits you but does no damage.
You claw the crimson imp!
The crimson imp is severely wounded.
The crimson imp blinks! x2
You mangle the crimson imp!!
You kill the crimson imp!
The crimson imp disappears in a puff of smoke!
You closely miss the white imp. You claw the white imp!
You kill the white imp!
The white imp disappears in a puff of smoke!
The crimson imp misses you.
You claw the crimson imp!
You kill the crimson imp!
The crimson imp disappears in a puff of smoke!
No target in view!
No target in view!
Throw: 11 boomerangs
Press: ? - help, Q - select action, (/) - cycle Shift-Dir - straight line, f - obsidian statue
Aim: an obsidian statue (unaware, hasn't noticed you, 94% to hit)
You throw a boomerang. The boomerang hits the obsidian statue!
The obsidian statue is lightly damaged.
The obsidian statue's eyes glow briefly.
The obsidian statue attempts to bespell you!
You resist with almost no effort.
Throw: 11 boomerangs
Press: ? - help, Q - select action, (/) - cycle Shift-Dir - straight line, f/p - obsidian statue
Aim: an obsidian statue (lightly damaged, 94% to hit)
You throw a boomerang.
The boomerang hits the obsidian statue!!
The obsidian statue is heavily damaged.
The obsidian statue's eyes glow briefly.
Throw: 11 boomerangs
Press: ? - help, Q - select action, (/) - cycle Shift-Dir - straight line, f/p - obsidian statue
Aim: an obsidian statue (heavily damaged, 94% to hit)
You throw a boomerang.
The boomerang hits the obsidian statue but does no damage.
The obsidian statue is heavily damaged.
Throw: 11 boomerangs
Press: ? - help, Q - select action, (/) - cycle Shift-Dir - straight line, f/p - obsidian statue
Aim: an obsidian statue (heavily damaged, 94% to hit)
You throw a boomerang.
The boomerang barely misses the obsidian statue.
Throw: 11 boomerangs
Press: ? - help, Q - select action, (/) - cycle Shift-Dir - straight line, f/p - obsidian statue
Aim: an obsidian statue (heavily damaged, 94% to hit)
You throw a boomerang.
The boomerang barely misses the ufetubus.
The boomerang hits the obsidian statue!!
The obsidian statue is almost destroyed.
The obsidian statue's eyes glow briefly.
Throw: 11 boomerangs
Press: ? - help, Q - select action, (/) - cycle Shift-Dir - straight line, f/p - obsidian statue
Aim: an obsidian statue (severely damaged, 94% to hit)
You throw a boomerang.
The boomerang closely misses the ufetubus.
The boomerang hits the obsidian statue!!!
You destroy the obsidian statue!
Cheibriados appreciates the change of pace.
The ufetubus disappears in a puff of smoke!
The iron imp disappears in a puff of smoke!
The obsidian statue's eyes glow briefly.
The obsidian statue attempts to bespell you!
You resist with almost no effort.
Throw: 11 boomerangs
Press: ? - help, Q - select action, (/) - cycle Shift-Dir - straight line, f - obsidian statue
Aim: an obsidian statue (94% to hit)
You throw a boomerang. The boomerang hits the obsidian statue!
The obsidian statue is moderately damaged.
The obsidian statue's eyes glow briefly.
The obsidian statue attempts to bespell you!
You easily resist.
Throw: 11 boomerangs
Press: ? - help, Q - select action, (/) - cycle Shift-Dir - straight line, f/p - obsidian statue
Aim: an obsidian statue (moderately damaged, 94% to hit)
You throw a boomerang.
The boomerang hits the obsidian statue!!
The obsidian statue is heavily damaged.
Throw: 11 boomerangs
Press: ? - help, Q - select action, (/) - cycle Shift-Dir - straight line, f/p - obsidian statue
Aim: an obsidian statue (heavily damaged, 94% to hit)
You throw a boomerang.
The boomerang hits the obsidian statue!!
You destroy the obsidian statue!
Cheibriados appreciates the change of pace.
P - 5 javelins (gained 3)
You see here a +0 plate armour.
a - 5 silver javelins You see here the +2 broad axe of Donus {antimagic, Will+ Stlth+}.
Found a potion of degeneration.
You now have 3127 gold pieces (gained 24).
What level of the Vaults? (default 1, ? - help)
There is an open door here.
There is a stone staircase leading up here.
You climb upwards.
There is a stone staircase leading down here.
There is a gate to the Vaults here.
You go down through the gate.
Welcome to the Vaults!
This branch contains the silver rune of Zot.
There is a gate leading back out of this place here.
You open the door.
There is an open door here.
There is an open door here.
You open the door.
There is an open door here.
You open the door.
There is an open door here.
You open the large door.
Found a plate armour.
There is a large open door here.
You open the door.
There is an open door here.
A deep troll comes into view.
There is an open door here.
You open the door.
There is an open door here.
As you open the door, it creaks loudly!
There is an open door here.
There is an open door here.
There is an open door here.
There is an open door here.
There is an open door here.
Found 6 stones.
You open the door.
There is an open door here.
You open the door.
Found 26 gold pieces.
There is an open door here.
You now have 3153 gold pieces (gained 26).
There is an open door here.
You open the door.
A vault warden comes into view. It is wielding a +1 heavy war axe.
Found 4 stones.
The vault warden shouts!
You block the vault warden's attack.
There is an open door here.
You scratch the vault warden but do no damage.
You eviscerate the vault warden!!!
The vault warden is heavily wounded.
You block the vault warden's attack.
You mangle the vault warden!!
The vault warden is almost dead.
You closely miss the vault warden.
The vault warden is almost dead.
The vault warden hits you with a +1 heavy war axe!!!
You eviscerate the vault warden!!!
You kill the vault warden!
Cheibriados appreciates the change of pace.
No target in view!
Things that are here:
a +1 heavy war axe; a +0 chain mail; a human corpse
There is an open door, spattered with blood here.
HP restored.
You open the door.
Found a shortbow.
There is an open door here.
There is an open door here.
There is an open door here.
A vault sentinel comes into view. It is wielding a +0 falchion.
You throw a boomerang. The boomerang hits the vault sentinel!!
The vault sentinel shouts!
The vault sentinel is heavily wounded.
The vault sentinel blows a loud note on a signal horn!
You hear a shout!
You throw a boomerang.
The boomerang hits the vault sentinel but does no damage.
The vault sentinel is heavily wounded.
The vault sentinel casts a spell at you.
A sentinel's mark forms upon you.
You throw a boomerang. The boomerang hits the vault sentinel!!
You kill the vault sentinel!
Cheibriados appreciates the change of pace.
A deep troll comes into view.
A deep troll comes into view. x2
An ironbound preserver comes into view. It is wielding a +0 flail.
You mangle the deep troll!!
The deep troll is heavily wounded.
You block the deep troll's attack. x3
You eviscerate the deep troll!!!
You kill the deep troll!
Cheibriados appreciates the change of pace.
You claw the deep troll!
The deep troll is moderately wounded.
The deep troll bites you!
The deep troll claws you but does no damage. x2
You barely miss the deep troll.
The deep troll is moderately wounded.
The deep troll bites you but does no damage.
The deep troll claws you but does no damage.
The deep troll closely misses you.
You eviscerate the deep troll!!!
The deep troll is almost dead.
You eviscerate the deep troll!!!
You kill the deep troll!
Cheibriados appreciates the change of pace.
The troll leather armour is intact enough to wear.
You block the deep troll's attack. The deep troll claws you!
You block the deep troll's attack. x3
The deep troll claws you but does no damage.
You eviscerate the ironbound preserver!!!
The ironbound preserver is heavily wounded.
The deep troll bites you but does no damage.
You block the deep troll's attack. x2
The ironbound preserver gestures wildly while chanting.
The ironbound preserver begins to accept its allies' injuries.
You block the deep troll's attack. x2; The deep troll claws you!
You mangle the ironbound preserver!!
The ironbound preserver is severely wounded.
You eviscerate the ironbound preserver!!!
You kill the ironbound preserver!
Cheibriados appreciates the change of pace.
You block the deep troll's attack. x2; The deep troll barely misses you.
The deep troll closely misses you. You block the deep troll's attack. x2
Your Fighting skill increases to level 9!
You mangle the deep troll!!
The deep troll is moderately wounded.
The deep troll barely misses you. The deep troll claws you!
You block the deep troll's attack.
The deep troll bites you but does no damage.
The deep troll closely misses you. The deep troll claws you.
You eviscerate the deep troll!!!
You kill the deep troll!
Cheibriados appreciates the change of pace.
You block the deep troll's attack. x2; The deep troll barely misses you.
You eviscerate the deep troll!!!
The deep troll is almost dead.
You scratch the deep troll.
You kill the deep troll!
Cheibriados appreciates the change of pace.
The troll leather armour is intact enough to wear.
A redback comes into view.
You mangle the redback!!
You kill the redback!
Cheibriados thoroughly appreciates the change of pace.
A vault warden comes into view. It is wielding a +0 long sword.
A redback comes into view.
The vault warden activates a sealing rune.
A door slams shut!
A yaktaur comes into view. x2
As you read the scroll of fog, it dissolves into smoke.
An entropy weaver comes into view.
The yaktaur wields a +0 arbalest.
The yaktaur shoots a bolt.
You block the bolt.
A yaktaur comes into view.
Throw: 11 boomerangs
Press: ? - help, Q - select action, (/) - cycle Shift-Dir - straight line, f - vault warden
Aim: a vault warden, wielding a +0 long sword and wearing a +0 plate armour (70% to hit)
You throw a boomerang. The boomerang hits the vault warden!!
The vault warden is moderately wounded.
A yaktaur comes into view.
The yaktaur wields a +1 arbalest of flaming.
It bursts into flame!
The yaktaur shoots a bolt.
You block the bolt.
Throw: 11 boomerangs
Press: ? - help, Q - select action, (/) - cycle Shift-Dir - straight line, f - redback
Aim: a redback (blue smoke, 64% to hit)
You throw a boomerang. The boomerang hits the redback!!!
You kill the redback!
Cheibriados thoroughly appreciates the change of pace.
Throw: 11 boomerangs
Press: ? - help, Q - select action, (/) - cycle Shift-Dir - straight line, f - vault warden
Aim: a vault warden, wielding a +0 long sword and wearing a +0 plate armour (blue smoke, moderately wounded, 70% to hit)
You throw a boomerang.
The boomerang hits the vault warden but does no damage.
The vault warden is moderately wounded.
You barely miss the vault warden.
The vault warden is lightly wounded.
The vault warden hits you with a +0 long sword!
You closely miss the vault warden.
The vault warden is lightly wounded.
The entropy weaver gestures at you while chanting.
The entropic weave corrodes you!
You claw the vault warden!
The vault warden is moderately wounded.
The yaktaur wields a +0 arbalest.
The yaktaur shoots a bolt.
The bolt closely misses you.
The vault warden hits you with a +0 long sword!!
An entropy weaver comes into view.
You eviscerate the entropy weaver!!!
The entropy weaver is severely wounded.
The vault warden hits you with a +0 long sword.
You block the entropy weaver's attack. The entropy weaver closely misses you.
The entropy weaver hits you but does no damage.
You block the entropy weaver's attack.
The yaktaur shoots a bolt.
You block the bolt.
You eviscerate the entropy weaver!!!
You kill the entropy weaver!
Cheibriados appreciates the change of pace.
You block the vault warden's attack.
A slime creature comes into view.
You completely miss the vault warden.
The vault warden is moderately wounded.
The sentinel's mark upon you fades away.
The yaktaur unwields a +0 arbalest.
The yaktaur closely misses you.
A yaktaur comes into view.
You completely miss the entropy weaver.
The vault warden hits you with a +0 long sword!
You block the entropy weaver's attack.
The entropy weaver completely misses you.
You block the entropy weaver's attack. x2; You block the yaktaur's attack.
You mangle the entropy weaver!!
The entropy weaver is heavily wounded.
You block the entropy weaver's attack.
The entropy weaver completely misses you.
You block the entropy weaver's attack. x2
The vault warden activates a sealing rune.
You closely miss the entropy weaver.
The entropy weaver is heavily wounded.
The yaktaur hits you!
The entropy weaver points at you and mumbles some strange words.
The entropic weave corrodes you!
The vault warden hits you but does no damage.
You eviscerate the entropy weaver!!!
You kill the entropy weaver!
Cheibriados appreciates the change of pace.
The yaktaur hits you!
You feel very mighty all of a sudden. You block the vault warden's attack.
You block the yaktaur's attack.
You barely miss the vault warden.
The vault warden is moderately wounded.
You block the slime creature's attack. You block the vault warden's attack.
You block the yaktaur's attack.
You closely miss the vault warden.
The vault warden is moderately wounded.
The vault warden hits you with a +0 long sword!!
You block the slime creature's attack.
The yaktaur unwields a +0 arbalest.
You block the yaktaur's attack.
You closely miss the vault warden.
The vault warden is lightly wounded.
You block the yaktaur's attack. You block the slime creature's attack.
The vault warden completely misses you.
You eviscerate the vault warden!!!
The vault warden is almost dead.
You block the yaktaur's attack.
You claw the vault warden!
The vault warden is almost dead.
You block the slime creature's attack. You block the vault warden's attack.
You block the yaktaur's attack. The yaktaur completely misses you.
You scratch the vault warden.
You kill the vault warden!
Cheibriados appreciates the change of pace.
The yaktaur throws a stone.
The stone hits you.
The yaktaur wields a +0 arbalest.
The yaktaur shoots a bolt.
The bolt closely misses you.
The bolt hits the yaktaur!!
You block the slime creature's attack.
The yaktaur unwields a +1 arbalest of flaming.
It stops flaming.
You block the yaktaur's attack.
Your Unarmed Combat skill increases to level 18!
You eviscerate the yaktaur!!!
You kill the yaktaur!
Cheibriados appreciates the change of pace.
The yaktaur hits you. You block the slime creature's attack.
The yaktaur throws a stone.
The stone barely misses you.
You mangle the yaktaur!!
The yaktaur is severely wounded.
The yaktaur shoots a bolt.
You block the bolt. The yaktaur hits you!
The yaktaur hits you but does no damage.
You eviscerate the yaktaur!!!
You kill the yaktaur!
Cheibriados appreciates the change of pace.
The yaktaur wields a +0 arbalest.
The yaktaur shoots a bolt.
You block the bolt.
The slime creature hits you but does no damage.
You block the yaktaur's attack.
You mangle the yaktaur!!
The yaktaur is severely wounded.
You block the slime creature's attack.
The yaktaur unwields a +0 arbalest.
You block the yaktaur's attack.
You mangle the yaktaur!!
You kill the yaktaur!
Cheibriados appreciates the change of pace.
The slime creature hits you!
* * * LOW HITPOINT WARNING * * *
You mangle the slime creature!!
The slime creature is moderately wounded.
The yaktaur hits you but does no damage.
You eviscerate the yaktaur!!!
The yaktaur is almost dead.
You block the slime creature's attack.
The yaktaur unwields a +0 arbalest.
You block the yaktaur's attack. The yaktaur hits you.
* * * LOW HITPOINT WARNING * * *
You eviscerate the yaktaur!!!
You kill the yaktaur!
Cheibriados appreciates the change of pace.
You block the slime creature's attack.
You eviscerate the yaktaur!!!
You kill the yaktaur!
Cheibriados appreciates the change of pace.
You block the slime creature's attack.
You mangle the slime creature!!
The slime creature is severely wounded.
You eviscerate the slime creature!!!
You kill the slime creature!
Cheibriados appreciates the change of pace.
Your Throwing skill increases to level 13!
You now have 3167 gold pieces (gained 14).
Things that are here:
a +0 arbalest; a +0 long sword; a +0 plate armour You now have 3184 gold pieces (gained 17).
Items here: ( )) ††.
You open the door.
There is an open door here.
You are no longer corroded.
There is a large open door here.
There is an open door here.
Okay, then.
Unknown command.
There is an open door here.
You feel a little less mighty now.
There is a large open door here.
There is an open door here.
Items here: ( )) ††.
A vault sentinel comes into view. It is wielding a +0 war axe.
The vault sentinel moves out of view.
You see here an entropy weaver corpse.
Things that are here:
a +1 arbalest of flaming; a yaktaur corpse; a redback corpse A vault sentinel is nearby!
You throw a boomerang. The vault sentinel shouts!
The boomerang hits the vault sentinel and shatters for extra damage!
The vault sentinel is lightly wounded.
You throw a boomerang.
The boomerang closely misses the vault sentinel.
The vault sentinel casts a spell at you.
You barely resist. You throw a boomerang.
The boomerang hits the vault sentinel!
The vault sentinel is heavily wounded.
The vault sentinel gestures at you while chanting.
You barely resist. You throw a boomerang.
The boomerang closely misses the vault sentinel.
The vault sentinel points at you and mumbles some strange words.
A sentinel's mark forms upon you.
You throw a boomerang. The boomerang hits the vault sentinel.
The vault sentinel is heavily wounded.
You throw a boomerang.
The boomerang closely misses the vault sentinel.
You throw a boomerang.
The boomerang closely misses the vault sentinel.
The vault sentinel blows a loud note on a signal horn!
You hear a shout!
You throw a boomerang. The boomerang hits the vault sentinel!
The vault sentinel is heavily wounded.
You throw a boomerang.
The boomerang closely misses the vault sentinel.
The vault sentinel points at you and mumbles some strange words.
You barely resist. You throw a boomerang.
The boomerang closely misses the vault sentinel.
You throw a boomerang. The boomerang hits the vault sentinel!
The vault sentinel is severely wounded.
You throw a boomerang.
The boomerang closely misses the vault sentinel.
The vault sentinel casts a spell at you.
You barely resist. You throw a boomerang.
The boomerang hits the vault sentinel and shatters for extra damage.
The vault sentinel is severely wounded.
A yaktaur comes into view.
The vault sentinel blows a loud note on a signal horn!
You throw a boomerang.
The boomerang closely misses the vault sentinel.
The yaktaur wields a +2 arbalest of freezing.
It is covered in frost.
The yaktaur shoots a bolt.
You block the bolt.
The vault sentinel gestures at you while chanting.
You barely resist. You throw a boomerang.
The boomerang hits the vault sentinel!
You kill the vault sentinel!
Cheibriados appreciates the change of pace.
The yaktaur shoots a bolt.
You block the bolt.
The yaktaur shoots a bolt.
The bolt misses you.
The yaktaur shoots a bolt.
The bolt hits you but does no damage.
Things that are here:
a +0 arbalest; a +0 long sword; a +0 plate armour The yaktaur shoots a bolt.
You block the bolt.
The yaktaur shoots a bolt.
You block the bolt.
The yaktaur shoots a bolt.
The bolt hits you.
There is an open door here.
A yaktaur is nearby!
The yaktaur shoots a bolt.
The bolt closely misses you.
The yaktaur shoots a bolt.
You block the bolt.
A culicivora comes into view.
The yaktaur shoots a bolt.
You block the bolt.
The yaktaur shoots a bolt.
You block the bolt.
The yaktaur shoots a bolt.
You block the bolt.
There is a large open door here.
The sentinel's mark upon you fades away.
The culicivora attacks as it pursues you!
You block the culicivora's attack. The culicivora bites you!
The culicivora draws strength from your injuries!
You block the culicivora's attack.
You closely miss the culicivora.
The culicivora bites you but does no damage.
You claw the culicivora!
The culicivora is moderately wounded.
You block the culicivora's attack.
You closely miss the culicivora.
The culicivora is moderately wounded.
The culicivora closely misses you.
You eviscerate the culicivora!!!
You kill the culicivora!
Cheibriados thoroughly appreciates the change of pace.
You barely miss the yaktaur.
The yaktaur unwields a +2 arbalest of freezing.
The yaktaur hits you but does no damage.
You barely miss the yaktaur. You block the yaktaur's attack.
You scratch the yaktaur.
The yaktaur is lightly wounded.
You mangle the yaktaur!!
The yaktaur is severely wounded.
You block the yaktaur's attack.
You claw the yaktaur!
You kill the yaktaur!
Cheibriados appreciates the change of pace.
You see here a +2 arbalest of freezing.
There is a large open door here.
There is an open door here.
You open the door.
An ironbound thunderhulk comes into view.
It is wielding a +0 dire flail.
There is an open door here.
The ironbound thunderhulk shouts!
You claw the ironbound thunderhulk!
The ironbound thunderhulk is lightly wounded.
The ironbound thunderhulk closely misses you.
You barely miss the ironbound thunderhulk.
The ironbound thunderhulk is lightly wounded.
You scratch the ironbound thunderhulk but do no damage.
The ironbound thunderhulk is lightly wounded.
You block the ironbound thunderhulk's attack.
You mangle the ironbound thunderhulk!!
The ironbound thunderhulk is moderately wounded.
You eviscerate the ironbound thunderhulk!!!
The ironbound thunderhulk is severely wounded.
The ironbound thunderhulk hits you with a +0 dire flail.
You closely miss the ironbound thunderhulk.
The ironbound thunderhulk is severely wounded.
You claw the ironbound thunderhulk!
The ironbound thunderhulk is severely wounded.
Strange energies crackle from the ironbound thunderhulk's apparatus.
The ironbound thunderhulk blinks!
You throw a boomerang.
The boomerang hits the ironbound thunderhulk!
The ironbound thunderhulk is almost dead.
Strange energies crackle from the ironbound thunderhulk's apparatus.
The ironbound thunderhulk blinks!
You throw a boomerang.
The boomerang hits the ironbound thunderhulk!
You kill the ironbound thunderhulk!
Cheibriados appreciates the change of pace.
Found a scroll of identify.
Found a great sword.
You open the large door.
There is a large open door here.
You now have 3196 gold pieces (gained 12).
You open the door.
There is an open door here.
Found 3 stones.
You open the door.
There is an open door here.
You open the door.
An entropy weaver and a redback come into view.
The entropy weaver shouts!
There are monsters nearby!
You throw a boomerang.
The boomerang barely misses the entropy weaver.
You throw a boomerang.
The boomerang closely misses the entropy weaver.
The entropy weaver gestures at you while chanting.
The entropic weave corrodes you!
Throw: 9 boomerangs
Press: ? - help, Q - select action, (/) - cycle Shift-Dir - straight line, f/p - entropy weaver
Aim: an entropy weaver (62% to hit)
You throw a boomerang.
The boomerang barely misses the entropy weaver.
Throw: 9 boomerangs
Press: ? - help, Q - select action, (/) - cycle Shift-Dir - straight line, f/p - entropy weaver
Aim: an entropy weaver (62% to hit)
You throw a boomerang.
The boomerang hits the entropy weaver and shatters for extra damage!!
The entropy weaver is moderately wounded.
You claw the redback!
The redback is moderately wounded.
The redback closely misses you.
You closely miss the redback.
The redback is moderately wounded.
The redback bites you.
You eviscerate the redback!!!
You kill the redback!
Cheibriados appreciates the change of pace.
You block the entropy weaver's attack. The entropy weaver barely misses you.
You block the entropy weaver's attack. x3; The entropy weaver hits you.
The entropy weaver hits you but does no damage.
The entropy weaver hits you! The entropy weaver misses you.
The entropy weaver hits you. The entropy weaver barely misses you.
The entropy weaver closely misses you.
There is an open door, spattered with blood here.
You mangle the entropy weaver!!
The entropy weaver is heavily wounded.
You block the entropy weaver's attack.
The entropy weaver hits you but does no damage.
You block the entropy weaver's attack. The entropy weaver barely misses you.
You mangle the entropy weaver!!
The entropy weaver is almost dead.
The entropy weaver casts a spell at you.
The entropic weave corrodes you!
You barely miss the entropy weaver.
The entropy weaver is almost dead.
You closely miss the entropy weaver.
The entropy weaver is almost dead.
You block the entropy weaver's attack. The entropy weaver closely misses you.
The entropy weaver hits you. You block the entropy weaver's attack.
You claw the entropy weaver!
You kill the entropy weaver!
Cheibriados appreciates the change of pace.
You open the door.
Found a leather armour.
Found a stone staircase leading down.
You are no longer corroded.
There is an open door here.
Found a shortbow.
You open the door.
An ironbound convoker comes into view. It is wielding a +0 flail.
The ironbound convoker shouts!
You closely miss the ironbound convoker.
You block the ironbound convoker's attack.
You claw the ironbound convoker!
The ironbound convoker is moderately wounded.
You mangle the ironbound convoker!!
The ironbound convoker is severely wounded.
You block the ironbound convoker's attack.
You claw the ironbound convoker!
The ironbound convoker is almost dead.
You block the ironbound convoker's attack.
You claw the ironbound convoker!
You kill the ironbound convoker!
Cheibriados appreciates the change of pace.
There is an open door, spattered with blood here.
Things that are here:
a +0 flail; a +0 ring mail; a human corpse You now have 3223 gold pieces (gained 27).
You open the large door.
A yaktaur captain and 4 humans come into view.
The ironbound convoker shouts!
The yaktaur captain shouts!
The vault guard shouts!
The ironbound preserver shouts!
You hear a shout!
You hear a trumpeting!
A vault warden comes into view.
It is wielding a +2 glaive of holy wrath.
A dire elephant comes into view.
Found Sevuc's Armour Boutique.
There are monsters nearby!
There are monsters nearby!
Okay, then.
Okay, then.
You completely miss the ironbound convoker.
The ironbound frostheart shouts!
You mangle the ironbound convoker!!
The ironbound convoker is severely wounded.
You hear a trumpeting!
You block the ironbound convoker's attack.
The ironbound frostheart calls freezing cold from the walls.
The frost grips you! You resist.
You are encased in ice.
A dire elephant comes into view.
You hear a trumpeting!
You eviscerate the ironbound convoker!!!
You kill the ironbound convoker!
Cheibriados appreciates the change of pace.
The vault warden activates a sealing rune.
You mangle the ironbound frostheart!!
The ironbound frostheart is moderately wounded.
The ironbound frostheart barely misses you.
You mangle the ironbound frostheart!!
The ironbound frostheart is severely wounded.
The ice encasing you melts away.
You eviscerate the ironbound frostheart!!!
You kill the ironbound frostheart!
Cheibriados appreciates the change of pace.
You block the yaktaur captain's attack.
You barely miss the yaktaur captain. You block the yaktaur captain's attack.
You scratch the ironbound preserver.
The ironbound preserver is lightly wounded.
The ironbound preserver casts a spell.
The ironbound preserver begins to accept its allies' injuries.
A dire elephant comes into view.
The yaktaur captain hits you but does no damage.
You mangle the ironbound preserver!!
The ironbound preserver is moderately wounded.
You eviscerate the ironbound preserver!!!
The ironbound preserver is severely wounded.
The vault guard hits you from afar with a +0 glaive!
You block the vault warden's attack. The yaktaur captain hits you!
You eviscerate the ironbound preserver!!!
You kill the ironbound preserver!
Cheibriados appreciates the change of pace.
You block the vault guard's attack. The vault warden completely misses you.
You block the yaktaur captain's attack.
You barely miss the yaktaur captain. You mangle the yaktaur captain!!
The yaktaur captain is moderately wounded.
The vault guard hits you from afar with a +0 glaive.
You block the vault warden's attack. You block the yaktaur captain's attack.
You barely miss the yaktaur captain.
The yaktaur captain is moderately wounded.
You block the vault guard's attack. You block the dire elephant's attack.
The dire elephant trunk-slaps you but does no damage.
The vault warden hits you from afar with a +2 glaive of holy wrath.
The yaktaur captain closely misses you.
You mangle the yaktaur captain!!
The yaktaur captain is heavily wounded.
The runic seal fades away.
You scratch the yaktaur captain.
The yaktaur captain is heavily wounded.
You block the yaktaur captain's attack. You block the vault guard's attack.
The vault warden hits you from afar with a +2 glaive of holy wrath!!
You claw the dire elephant!
The dire elephant is lightly wounded.
The dire elephant completely misses you.
The dire elephant trunk-slaps you.
The vault guard hits you but does no damage.
You block the vault warden's attack. You block the yaktaur captain's attack.
You scratch the dire elephant but do no damage.
The dire elephant is lightly wounded.
You scratch the dire elephant but do no damage.
The dire elephant is lightly wounded.
You block the vault guard's attack.
The vault warden hits you from afar with a +2 glaive of holy wrath!!
The dire elephant tramples you but does no damage.
The dire elephant closely misses you. You block the dire elephant's attack.
The dire elephant trunk-slaps you but does no damage.
The yaktaur captain hits you.
Activating: Slouch (1% risk of failure)
Press: ? - help, Dir - look around, f - activate You can feel time thicken for a moment.
The dire elephant barely misses you.
The dire elephant trunk-slaps you but does no damage.
The vault guard hits you from afar with a +0 glaive!
The vault warden hits you but does no damage.
The dire elephant tramples you!
* * * LOW HITPOINT WARNING * * *
You stumble backwards!
The dire elephant tramples you but does no damage.
You block the dire elephant's attack.
Okay, then.
Okay, then.
You fade into invisibility!
You block the dire elephant's attack.
The dire elephant trunk-slaps you but does no damage.
The dire elephant barely misses you.
The dire elephant trunk-slaps you but does no damage.
The dire elephant tramples you!!
* * * LOW HITPOINT WARNING * * *
You hold your ground!
You block the dire elephant's attack.
The yaktaur captain wields a +0 arbalest.
The yaktaur captain shoots a bolt.
The bolt hits the dire elephant!!!
A red film seems to cover your vision as you go berserk!
Cheibriados forces you to slow down.
You feel mighty! The dire elephant closely misses you.
The dire elephant trunk-slaps you but does no damage.
The vault guard hits you from afar with a +0 glaive!
* * * LOW HITPOINT WARNING * * *
The dire elephant tramples you!
* * * LOW HITPOINT WARNING * * *
You stumble backwards!
The yaktaur captain shoots a bolt.
The bolt hits the dire elephant!!
You strike the helpless dire elephant from behind!
You scratch the dire elephant but do no damage.
The dire elephant is severely wounded.
You block the dire elephant's attack. x4; The yaktaur captain shoots a bolt.
The bolt hits the vault guard!
You eviscerate the dire elephant!!!
You kill the dire elephant!
Cheibriados appreciates the change of pace.
You catch the helpless dire elephant completely off-guard!
You mangle the dire elephant!!
The dire elephant is moderately wounded.
You block the vault guard's attack. The dire elephant tramples you!
* * * LOW HITPOINT WARNING * * *
You stumble backwards!
You catch the helpless dire elephant completely off-guard!
You claw the dire elephant!
The dire elephant is heavily wounded.
The yaktaur captain shoots a bolt.
You block the bolt.
You catch the helpless dire elephant completely off-guard!
You eviscerate the dire elephant!!!
The dire elephant is severely wounded.
The vault guard hits you from afar with a +0 glaive!
* * * LOW HITPOINT WARNING * * *
The yaktaur captain shoots a bolt.
You block the bolt.
The vault warden activates a sealing rune.
The doors slam shut!
You block the vault guard's attack. The dire elephant tramples you!!
* * * LOW HITPOINT WARNING * * *
You stumble backwards!
The dire elephant tramples you but does no damage.
The dire elephant trunk-slaps you.
* * * LOW HITPOINT WARNING * * *
The yaktaur captain shoots a bolt.
The dire elephant tramples you but does no damage.
You block the dire elephant's attack. The dire elephant closely misses you.
You block the dire elephant's attack.
The vault guard hits you from afar with a +0 glaive.
* * * LOW HITPOINT WARNING * * *
The yaktaur captain shoots a bolt.
The bolt hits the vault warden!
You eviscerate the dire elephant!!!
You kill the dire elephant!
Cheibriados appreciates the change of pace.
You strike the helpless dire elephant from behind!
You mangle the dire elephant!!
The dire elephant is severely wounded.
You block the vault guard's attack.
The vault warden hits you from afar with a +2 glaive of holy wrath!!
You die...
Cheibriados appreciates the motionlessness of death.

. ############### ...
+......#......#
#.∩.###......#......#######
......+c.Y...#......#......
#...+†p.@..#......+......
#...#)p†..[+......#......
### #......#......#......
#......#......#......
########.....)#......
#..###..###### ###########
#..........#
##....#....###..#.#####.#
##.#..#.#..#.##..#.# #.##


You could see a dire elephant (unable to see you), a vault warden, a yaktaur
captain (unable to see you) and a vault guard.

Vanquished Creatures
  Nikola (Swamp:4)
  Rupert (D:15)
  Jorgrun (D:14)
  A tentacled monstrosity (Swamp:4)
  A quicksilver dragon (Snake:4)
  Agnes (D:14)
  Gastronok (Lair:1)
  A thorn hunter (Swamp:4)
  Aizul (Swamp:1)
  6 nagarajas
  2 vault wardens (Vaults:1)
  6 fenstrider witches
  A frost giant (D:15)
  2 ghouls (Swamp:2)
  2 ironbound preservers (Vaults:1)
  An ironbound thunderhulk (Vaults:1)
  An orc warlord (Orc:2)
  The ghost of Pijio the Cleaver, a journeyman MDFi of Cheibriados (Lair:4)
  3 dire elephants
  6 eleionomae
  Azrael (D:15)
  4 bunyips
  A blizzard demon (Swamp:4)
  3 entropy weavers (Vaults:1)
  11 hydras
  Fannar (Lair:2)
  A hell beast (Swamp:4)
  Erolcha (Orc:1)
  3 ogre magi
  8 vault guards (D:13)
  An ironbound frostheart (Vaults:1)
  A death knight (D:9)
  18 alligators
  4 salamander tyrants (Snake:4)
  5 anacondas
  A spriggan air mage (Swamp:3)
  3 ghost crabs
  3 centaur warriors
  10 death yaks
  5 boulder beetles
  3 tengu warriors (D:15)
  7 two-headed ogres
  2 occultists
  Urug (Orc:2)
  5 naga warriors
  5 shock serpents
  A hell hog (Lair:5)
  An orc high priest (Orc:2)
  2 spriggan berserkers (Swamp:3)
  A soul eater (Swamp:4)
  Nergalle (Orc:2)
  6 naga sharpshooters
  Lodul (D:13)
  A salamander mystic (Snake:2)
  A sixfirhy (Swamp:4)
  5 goliath frogs
  3 skysharks
  2 obsidian statues (D:14)
  4 deep trolls (Vaults:1)
  2 ironbound convokers (Vaults:1)
  An arcanist (Swamp:4)
  7 naga ritualists
  11 mana vipers
  2 swamp dragons
  11 spriggan druids
  5 deep elf pyromancers
  5 bog bodies
  4 orc knights
  A necromancer (Swamp:3)
  4 cyclopes
  2 manticores
  3 orc sorcerers
  2 oklob plants (Lair:3)
  Maurice (Orc:2)
  An ugly thing (D:12)
  3 elephants (Lair:1)
  5 will-o-the-wisps
  14 naga magi
  3 meliai (D:14)
  14 salamanders
  4 guardian serpents
  41 black mambas
  A black mamba (shapeshifter) (D:14)
  4 centaur zombies (D:10)
  A torpor snail (Lair:4)
  2 vault sentinels (Vaults:1)
  A kobold blastminer (Orc:1)
  2 gargoyles (D:12)
  2 smoke demons (Swamp:4)
  3 orange demons (Swamp:4)
  16 cane toads
  Maggie (D:6)
  An unseen horror (D:10)
  4 rime drakes
  14 komodo dragons
  6 yaktaurs (Vaults:1)
  A kobold demonologist (D:12)
  Psyche (D:11)
  3 hellwings (Swamp:4)
  10 polar bears
  5 trolls
  9 tyrant leeches
  13 hornets
  A dream sheep (Lair:4)
  21 blink frogs
  2 raiju (Lair:5)
  5 vampires
  4 shadows
  A slime creature (Vaults:1)
  A culicivora (Vaults:1)
  8 basilisks
  17 spriggans
  4 wyverns
  62 yaks
  6 wraiths
  2 steam dragons
  3 redbacks (Vaults:1)
  11 wargs
  5 vampire mosquitoes
  A chaos spawn (Swamp:4)
  11 swamp worms
  34 nagas
  An acid dragon (D:6)
  16 hell hounds
  13 water moccasins
  6 swamp drakes
  20 orc warriors
  An ice beast (D:5)
  14 black bears
  21 wolves
  10 centaurs
  17 ogres
  3 phantoms
  6 kobold brigands
  7 bullfrogs
  2 gnoll sergeants
  3 scorpions
  9 wights
  An electric eel (Lair:4)
  3 howler monkeys
  3 bombardier beetles
  3 jellies (Lair:5)
  20 orc priests
  4 hounds
  A gnoll bouda (D:9)
  9 iguanas
  A sleepcap (D:5)
  20 orc wizards
  2 hell rats (D:10)
  A howler monkey zombie (D:10)
  10 gnolls
  5 adders
  A shadow imp (D:6)
  A white imp (D:7)
  2 ufetubi (D:7)
  4 dart slugs
  2 ribbon worms
  65 orcs
  5 endoplasms
  4 giant cockroaches
  7 goblins
  10 hobgoblins
  2 jackals (D:1)
  18 kobolds
  7 quokkas
  7 ball pythons
  4 bats
  10 frilled lizards
  5 rats
  A spectral weapon (Swamp:4)
1009 creatures vanquished.

Vanquished Creatures (others)
  A naga sharpshooter (Snake:4)
  An orange demon (Swamp:4)
  2 bloated husks
  An orc priest (Orc:2)
  18 foxfires
23 creatures vanquished.

Grand Total: 1032 creatures vanquished

Notes
Turn   | Place    | Note
-------+----------+-------------------------------------------
     0 | D:1      | sleeves the Troll Shapeshifter began the quest for the Orb.
     0 | D:1      | Reached XP level 1. HP: 18/18 MP: 0/0
   189 | D:1      | Reached XP level 2. HP: 25/26 MP: 1/1
   227 | D:1      | Reached skill level 4 in Unarmed Combat
   301 | D:1      | Reached XP level 3. HP: 32/32 MP: 2/2
   928 | D:2      | Reached XP level 4. HP: 27/40 MP: 3/3
   992 | D:2      | Reached skill level 5 in Unarmed Combat
  1745 | D:3      | Reached skill level 1 in Throwing
  1747 | D:3      | Reached XP level 5. HP: 35/46 MP: 4/4
  2022 | D:4      | Found Ycwuddod's Lightly-Used Armoury.
  2097 | D:4      | Reached skill level 2 in Throwing
  2162 | D:4      | Reached skill level 6 in Unarmed Combat
  2349 | D:4      | Reached XP level 6. HP: 54/54 MP: 5/5
  2827 | D:5      | Entered Level 5 of the Dungeon
  2830 | D:5      | Reached skill level 3 in Throwing
  2904 | D:5      | Noticed an ice beast
  2911 | D:5      | Killed an ice beast
  2912 | D:5      | Reached skill level 4 in Throwing
  2912 | D:5      | Reached XP level 7. HP: 45/61 MP: 6/6
  2956 | D:5      | Reached skill level 7 in Unarmed Combat
  3258 | D:5      | Reached skill level 5 in Throwing
  3309 | D:5      | Reached XP level 8. HP: 61/68 MP: 7/7
  3407 | D:5      | Reached skill level 8 in Unarmed Combat
  3548 | D:5      | HP: 32/68 [centaur/arrow (11)]
  4040 | D:6      | Reached skill level 6 in Throwing
  4131 | D:6      | Found a staircase to the Ecumenical Temple.
  4145 | Temple   | Entered the Ecumenical Temple
  4213 | Temple   | Became a worshipper of Cheibriados the Contemplative
  4321 | D:6      | Found Arussi's Magic Scroll Shop.
  4327 | D:6      | Reached skill level 9 in Unarmed Combat
  4354 | D:6      | Bought a scroll of blinking for 97 gold pieces
  4354 | D:6      | Bought a scroll of identify for 26 gold pieces
  4377 | D:6      | Found a burning altar of Makhleb.
  4378 | D:6      | Found a hazy altar of Hepliaklqana.
  4378 | D:6      | Found a glowing silver altar of Zin.
  4397 | D:6      | Found a sparkling altar of Nemelex Xobeh.
  4529 | D:6      | Found the Hermit's Pendant {Faith Invo=14 Evo=0 MP+5}
  4601 | D:6      | Noticed Maggie
  4614 | D:6      | Killed Maggie
  4615 | D:6      | Reached skill level 7 in Throwing
  4615 | D:6      | Reached skill level 1 in Invocations
  4615 | D:6      | Reached XP level 9. HP: 75/75 MP: 7/9
  4733 | D:6      | Found an ornate altar of the Wu Jian Council.
  4848 | D:6      | Learned a level 4 spell: Passage of Golubria
  5078 | D:7      | Reached * piety under Cheibriados
  5140 | D:7      | Reached skill level 2 in Invocations
  5425 | D:7      | Reached skill level 10 in Unarmed Combat
  5425 | D:7      | Reached skill level 3 in Invocations
  5434 | D:7      | Reached skill level 8 in Throwing
  5844 | D:8      | HP: 29/75 [kobold/iceblast (14)]
  5847 | D:8      | Reached ** piety under Cheibriados
  5852 | D:8      | Reached skill level 4 in Invocations
  6348 | D:8      | Found Jenkioph's Antique Weapon Boutique.
  6570 | D:9      | Reached XP level 10. HP: 83/83 MP: 12/12
  6643 | D:9      | Found a bloodstained altar of Trog.
  6643 | D:9      | Found a white marble altar of Elyvilon.
  6806 | D:9      | Noticed a death knight
  7022 | D:10     | Entered Level 10 of the Dungeon
  7060 | D:10     | Reached skill level 5 in Invocations
  7078 | D:9      | Reached skill level 11 in Unarmed Combat
  7100 | D:10     | Reached *** piety under Cheibriados
  7101 | D:10     | Reached skill level 9 in Throwing
  7173 | D:10     | Reached skill level 6 in Invocations
  7180 | D:10     | Found a flagged portal.
  7203 | Bailey   | Entered a bailey
  7259 | Bailey   | Noticed a two-headed ogre
  7264 | Bailey   | Killed a two-headed ogre
  7265 | Bailey   | Reached XP level 11. HP: 85/89 MP: 11/14
  7274 | Bailey   | HP: 44/89 [steam dragon (7)]
  7323 | Bailey   | Identified the +7 rapier "Ytseudgh" {spect, rPois Int+4}
  7482 | D:10     | Reached skill level 10 in Throwing
  7486 | D:10     | Reached **** piety under Cheibriados
  7487 | D:10     | Reached skill level 12 in Unarmed Combat
  7493 | D:10     | Reached skill level 7 in Invocations
  7516 | D:10     | HP: 44/89 [something (4)]
  7521 | D:10     | HP: 41/89 [something (3)]
  7732 | D:10     | Found a staircase to the Lair.
  7828 | D:10     | Reached skill level 8 in Invocations
  8044 | D:9      | HP: 31/89 [death knight/+3 broad axe (17)]
  8045 | D:9      | Killed a death knight
  8474 | D:11     | Reached skill level 11 in Throwing
  8489 | D:11     | Reached XP level 12. HP: 61/97 MP: 9/17
  8493 | D:11     | Reached ***** piety under Cheibriados
  8494 | D:11     | Reached skill level 13 in Unarmed Combat
  8712 | D:11     | Found Wyrimiah's Magic Scroll Shoppe.
  8852 | D:11     | Noticed Psyche
  8955 | D:11     | Killed Psyche
  9320 | D:12     | Reached skill level 9 in Invocations
  9374 | D:12     | Found a staircase to the Orcish Mines.
 10177 | D:13     | Noticed a centaur warrior
 10183 | D:13     | Killed a centaur warrior
 10510 | D:13     | Noticed a boulder beetle
 10528 | D:13     | Killed a boulder beetle
 10632 | D:13     | Found a gate to the Vaults.
 10632 | D:13     | Noticed a vault guard
 10632 | D:13     | Noticed a vault guard
 10632 | D:13     | Noticed a vault guard
 10632 | D:13     | Noticed a vault guard
 10632 | D:13     | Noticed a vault guard
 10632 | D:13     | Noticed a vault guard
 10632 | D:13     | Noticed a vault guard
 10643 | D:13     | Noticed a centaur warrior
 10649 | D:13     | Killed a centaur warrior
 10650 | D:13     | Reached skill level 12 in Throwing
 10650 | D:13     | Noticed a vault guard
 10666 | D:13     | Noticed a boulder beetle
 10668 | D:13     | Killed a vault guard
 10669 | D:13     | Reached skill level 14 in Unarmed Combat
 10688 | D:13     | Killed a vault guard
 10689 | D:13     | Reached skill level 10 in Invocations
 10749 | D:13     | Killed a vault guard
 10804 | D:13     | Killed a vault guard
 10872 | D:13     | Killed a vault guard
 10877 | D:13     | Killed a vault guard
 10878 | D:13     | Reached skill level 1 in Shields
 10878 | D:13     | Reached XP level 13. HP: 56/104 MP: 9/19
 10905 | D:13     | Reached skill level 2 in Shields
 11158 | D:13     | Noticed Lodul
 11175 | D:13     | Killed Lodul
 11237 | D:13     | Got the Handbook of Accompaniment
 11378 | Lair:1   | Entered Level 1 of the Lair of Beasts
 11472 | Lair:1   | Reached skill level 3 in Shields
 11561 | Lair:1   | Noticed Gastronok
 11573 | Lair:1   | Killed Gastronok
 11895 | Lair:1   | Reached skill level 11 in Invocations
 11944 | Lair:1   | Reached skill level 4 in Shields
 12040 | Lair:1   | Reached ****** piety under Cheibriados
 12041 | Lair:1   | Reached skill level 15 in Unarmed Combat
 12542 | Lair:2   | Reached skill level 5 in Shields
 12849 | Lair:2   | Noticed Fannar
 12859 | Lair:2   | Killed Fannar
 13285 | Lair:3   | Reached skill level 6 in Shields
 13405 | Lair:3   | Reached skill level 12 in Invocations
 13612 | Lair:3   | Reached skill level 7 in Shields
 13612 | Lair:3   | Reached XP level 14. HP: 111/111 MP: 22/22
 13704 | Lair:3   | Found a staircase to the Snake Pit.
 13824 | Lair:3   | Reached skill level 8 in Shields
 13838 | Lair:3   | Found a blossoming altar of Fedhas.
 13893 | Lair:3   | Found a staircase to the Swamp.
 14433 | Lair:4   | Found a transporter.
 14435 | Lair:4   | Found a transporter.
 14457 | Lair:4   | Reached skill level 9 in Shields
 14607 | Lair:4   | You fall into a shaft and drop 1 floor!
 14607 | Lair:5   | Entered Level 5 of the Lair of Beasts
 14625 | Lair:5   | Reached skill level 10 in Shields
 14887 | Lair:4   | Noticed Pijio's ghost (journeyman MDFi)
 15153 | Lair:5   | Found a viscous altar of Jiyva.
 15187 | Lair:5   | Found a staircase to the Slime Pits.
 15435 | Lair:5   | Found a bloodstained altar of Trog.
 15487 | Lair:5   | Reached skill level 11 in Shields
 15813 | Lair:5   | Identified the +1 robe "Begad" {rN+ Will+}
 15909 | Lair:5   | Reached skill level 12 in Shields
 16682 | D:14     | Reached XP level 15. HP: 87/118 MP: 11/23
 16740 | Orc:1    | Entered Level 1 of the Orcish Mines
 16899 | Orc:1    | Reached skill level 13 in Shields
 16981 | Orc:2    | Entered Level 2 of the Orcish Mines
 17011 | Orc:2    | Found a staircase to the Elven Halls.
 17601 | Orc:2    | Noticed Maurice
 17609 | Orc:2    | HP: 59/118 [orc warrior/+0 glaive[an orc warlord] (16)]
 17613 | Orc:2    | Killed Maurice
 17698 | Orc:2    | Noticed Nergalle
 17704 | Orc:2    | Killed Nergalle
 17705 | Orc:2    | Found a roughly hewn altar of Beogh.
 17712 | Orc:2    | Paralysed by something for 4 turns
 17724 | Orc:2    | Reached skill level 14 in Shields
 17798 | Orc:2    | Noticed Urug
 17809 | Orc:2    | Killed Urug
 17830 | Orc:2    | Found Feiquda's Jewellery Shop.
 17847 | Orc:2    | Bought the ring of the Platytaur {rPois rC++ rCorr Dex-4
                  | SInv} for 642 gold pieces
 17987 | Orc:2    | Found Kevor's Antique Armour Shop.
 18017 | Orc:2    | Found Kitol's Antique Weapon Shop.
 18033 | Orc:2    | Found Guherch's General Store.
 18214 | Orc:1    | Noticed Erolcha
 18221 | Orc:1    | Killed Erolcha
 18662 | D:14     | Noticed Jorgrun
 18684 | D:14     | HP: 49/118 [Jorgrun/staff of earth (15)]
 18686 | D:14     | Killed Jorgrun
 18807 | D:14     | Noticed Agnes
 18819 | D:14     | Killed Agnes
 18820 | D:14     | HP: 51/118 [manticore/volley of spikes (13)]
 19370 | D:15     | Entered Level 15 of the Dungeon
 19376 | D:15     | Identified the maw talisman of Light {+Blink Int+3 Dex-4
                  | Stlth+}
 19376 | D:15     | Noticed Rupert
 19388 | D:14     | Reached skill level 15 in Shields
 19393 | D:14     | Learned a level 2 spell: Blink
 19467 | D:15     | Found a broken altar of Ashenzari.
 19548 | D:15     | Reached skill level 1 in Fighting
 19646 | D:15     | Noticed Azrael
 19702 | D:15     | Reached skill level 2 in Dodging
 19712 | D:15     | Found a staircase to the Depths.
 19712 | D:15     | Noticed a frost giant
 19719 | D:15     | HP: 58/120 [frost giant/+1 battleaxe of freezing (35)]
 19723 | D:15     | Killed a frost giant
 19724 | D:15     | Reached skill level 1 in Armour
 19727 | D:15     | HP: 48/120 [tengu warrior (4)]
 19805 | D:15     | Killed Azrael
 19940 | D:15     | Killed Rupert
 19941 | D:15     | Reached skill level 2 in Fighting
 19941 | D:15     | Found a runed translucent door.
 19942 | D:15     | Found a shimmering altar of Xom.
 19942 | D:15     | Noticed Fractals's ghost (journeyman MDFi)
 20285 | Snake:1  | Entered Level 1 of the Snake Pit
 20340 | Snake:1  | Reached skill level 2 in Armour
 20492 | Snake:1  | Reached skill level 3 in Dodging
 20886 | Snake:1  | HP: 47/126 [shock serpent/bolt of electricity (22)]
 20960 | Snake:1  | Found Feshat's Magic Scroll Shoppe.
 20964 | Snake:1  | Bought a scroll of teleportation for 60 gold pieces
 20964 | Snake:1  | Bought 3 scrolls of teleportation for 180 gold pieces
 21033 | Snake:1  | Reached skill level 3 in Fighting
 21216 | Snake:2  | Reached XP level 16. HP: 133/135 MP: 24/24
 21235 | Snake:2  | Reached skill level 3 in Armour
 21651 | Snake:2  | Reached skill level 4 in Dodging
 22208 | Snake:3  | HP: 68/137 [poisoned by a salamander]
 22210 | Snake:3  | Reached skill level 4 in Fighting
 22211 | Snake:3  | HP: 33/137 [naga ritualist/Olgreb's Toxic Radiance (1)]
 22216 | Snake:2  | HP: 23/137 [poisoned by a naga ritualist (toxic radiance)]
 22221 | Snake:2  | HP: 25/137 [poisoned by a naga ritualist (toxic radiance)]
 22227 | Snake:2  | HP: 32/137 [poisoned by a naga ritualist (toxic radiance)]
 22400 | Snake:3  | HP: 59/137 [shock serpent (13)]
 22486 | Snake:3  | Reached skill level 4 in Armour
 23224 | Snake:4  | Entered Level 4 of the Snake Pit
 23239 | Snake:4  | HP: 67/140 [naga ritualist/splash of poison (4)]
 23240 | Snake:4  | Reached skill level 5 in Dodging
 23244 | Snake:3  | HP: 34/140 [poisoned by a naga ritualist (toxic radiance)]
 23249 | Snake:3  | HP: 29/140 [poisoned by a naga ritualist (toxic radiance)]
 23254 | Snake:3  | HP: 32/140 [poisoned by a naga ritualist (toxic radiance)]
 23259 | Snake:3  | HP: 38/140 [poisoned by a naga ritualist (toxic radiance)]
 23408 | Snake:4  | Reached skill level 16 in Unarmed Combat
 23423 | Snake:4  | Reached skill level 5 in Fighting
 23427 | Snake:4  | HP: 63/141 [naga/+0 trident (21)]
 23432 | Snake:4  | HP: 44/141 [poisoned by naga (concentrated venom)]
 23437 | Snake:4  | HP: 35/141 [poisoned by naga warrior (concentrated venom)]
 23442 | Snake:4  | HP: 30/141 [poisoned by naga warrior (concentrated venom)]
 23672 | Snake:4  | Reached skill level 5 in Armour
 23775 | Snake:4  | Reached skill level 2 in Spellcasting
 23775 | Snake:4  | Reached skill level 2 in Translocations
 23775 | Snake:4  | Reached XP level 17. HP: 149/149 MP: 25/25
 24542 | Snake:4  | Reached skill level 6 in Dodging
 24611 | Snake:4  | HP: 76/152 [naga ritualist/splash of poison (2)]
 24616 | Snake:4  | HP: 50/152 [poisoned by a naga ritualist (toxic radiance)]
 24621 | Snake:4  | HP: 40/152 [poisoned by a naga ritualist (toxic radiance)]
 24626 | Snake:4  | HP: 47/152 [poisoned by a naga ritualist (toxic radiance)]
 24654 | Snake:4  | Reached skill level 6 in Fighting
 24702 | Snake:4  | Noticed a quicksilver dragon
 24708 | Snake:4  | Killed a quicksilver dragon
 24720 | Snake:4  | Reached XP level 18. HP: 101/159 MP: 26/26
 24756 | Snake:4  | Got a serpentine rune of Zot
 24975 | Swamp:1  | Entered Level 1 of the Swamp
 25005 | Swamp:1  | Reached skill level 6 in Armour
 25083 | Swamp:1  | Identified the serpent talisman of Weightlessness {Str+2
                  | Int+4 Dex+5}
 25083 | Swamp:1  | Noticed Aizul
 25098 | Swamp:1  | HP: 50/161 [Aizul (42)]
 25107 | Swamp:1  | Killed Aizul
 25109 | Swamp:1  | HP: 46/162 [eleionoma/spray of wooden splinters (29)]
 25116 | Swamp:1  | HP: 48/162 [goliath frog (3)]
 25120 | Swamp:1  | HP: 21/162 [goliath frog (10)]
 25125 | Swamp:1  | Noticed a tentacled monstrosity
 25217 | Swamp:1  | Noticed a tentacled monstrosity
 25219 | Swamp:1  | Found a transporter.
 25219 | Swamp:1  | Found a transporter.
 25219 | Swamp:1  | Identified the +3 war axe "Qujam" {elec, Dex+4}
 25281 | Swamp:1  | Identified the +4 rapier of Fragile Peace {flame, rF+}
 25826 | Swamp:2  | Reached skill level 7 in Dodging
 26052 | Swamp:2  | Reached skill level 7 in Fighting
 26175 | Swamp:2  | Identified the +1 shortbow of the Mind {antimagic, rN+++
                  | Str-5 Dex-5}
 26347 | Swamp:3  | Reached skill level 7 in Armour
 26385 | Swamp:3  | Reached skill level 17 in Unarmed Combat
 27163 | Swamp:4  | Entered Level 4 of the Swamp
 27490 | Swamp:3  | HP: 66/167 [spriggan berserker/+0 flail (33)]
 27545 | Swamp:4  | Reached skill level 8 in Dodging
 27592 | Swamp:4  | Noticed a tentacled monstrosity
 27600 | Swamp:4  | Killed a tentacled monstrosity
 27656 | Swamp:4  | Reached skill level 8 in Fighting
 27907 | Swamp:4  | Reached skill level 8 in Armour
 27970 | Swamp:4  | Reached XP level 19. HP: 175/175 MP: 27/27
 28045 | Swamp:4  | HP: 86/176 [??? (84)]
 28051 | Swamp:4  | HP: 47/176 [poisoned by a fenstrider witch]
 28056 | Swamp:4  | HP: 53/176 [poisoned by a fenstrider witch]
 28179 | Swamp:4  | Got a decaying rune of Zot
 28234 | Swamp:4  | Noticed Nikola
 28251 | Swamp:4  | Killed Nikola
 28577 | Lair:4   | Identified a scroll of acquirement
 28598 | Lair:4   | Killed Pijio's ghost
 28807 | D:14     | Acquired 705 gold pieces
 28855 | D:14     | Identified the +2 broad axe of Donus {antimagic, Will+
                  | Stlth+}
 28907 | Vaults:1 | Entered Level 1 of the Vaults
 29135 | Vaults:1 | Reached skill level 9 in Fighting
 29165 | Vaults:1 | Reached skill level 18 in Unarmed Combat
 29169 | Vaults:1 | HP: 84/179 [slime creature (15)]
 29176 | Vaults:1 | Reached skill level 13 in Throwing
 29425 | Vaults:1 | Found Sevuc's Armour Boutique.
 29445 | Vaults:1 | HP: 79/179 [dire elephant (17)]
 29450 | Vaults:1 | HP: 64/268 [dire elephant (14)]
 29453 | Vaults:1 | HP: 30/268 [vault guard/+0 glaive[a vault warden] (4)]
 29455 | Vaults:1 | Slain by a vault warden

Illustrated notes

Levels and vault maps discovered:
D:1:      minmay_arrival_checkered_box, layout_basic, minmay_lizard_king
D:2:      layout_loops_corners
D:3:      layout_basic
D:4:      layout_basic, kennysheep_doodads, minmay_shop_damaged
D:5:      minmay_evil_eye, layout_loops_corners, minivault_26,
          kb_lookout_dungeons_type, minmay_misc_feat_four_crosses,
          chequers_serial_rivers_large_a
D:6:      layout_loops_cross, lemuel_doored_altar, minitemple,
          minmay_temple_entry_statues_fountains, serial_shops,
          nicolae_diamond_shop, uniq_maggie
D:7:      layout_basic
D:8:      layout_cave_pools, serial_shops, nicolae_square_shop
D:9:      layout_basic, chequers_temple_overflow_statue_of_worship,
          nicolae_hexahallways, chequers_jeans, minmay_microvault
D:10:     layout_cave_pools, dpeg_lair_monsters, serial_undead, serial_undead_c,
          serial_undead_a, serial_undead_e, serial_undead_d, enter_bailey_1,
          hangedman_abyss_or_decor_slice
D:11:     layout_rooms, serial_shops, nicolae_shop_tiny_waterfront, uniq_psyche
D:12:     layout_basic, minmay_orc_entry_guard_dogs
D:13:     layout_loops_cross, erik_vaults_2, minmay_librarian, uniq_lodul
D:14:     layout_gridville, minmay_staircase_bubble, minmay_more_statues,
          uniq_agnes, uniq_jorgrun
D:15:     grunt_enter_depths_snipers, layout_small_grid, ebering_ghost_xom,
          ashenzari_conservatory_becter, minmay_misc_feat_iff, uniq_azrael,
          uniq_rupert
Temple:   regret_index_temple_generic_petals
Lair:1:   layout_cave_pods, uniq_gastronok
Lair:2:   layout_hall_layers, serial_bayou_pond_d, uniq_fannar
Lair:3:   layout_cave_shapes, minmay_swamp_entry_worms, dummy_snake_entry,
          hangedman_tree_tricks
Lair:4:   layout_gridlike, nzn_ghost_randoct
Lair:5:   hangedman_lair_caniforms_friends, layout_cellular_growth,
          nicolae_slime_entry_field_trip, basic_altar, serial_bayou_shore_b
Swamp:1:  gammafunk_sealed_arena, layout_basic_swamp, serial_swamp_ruin,
          evilmike_swamp_ruin_house_1, hangedman_swamp_ruin_wall,
          evilmike_swamp_ruin_house_3, uniq_aizul
Swamp:2:  layout_falls_marsh, evilmike_swamp_ruin_rubble_1, swamp_pool_5,
          infiniplex_staircase_pool
Swamp:3:  nicolae_swamp_standing_stones, layout_basic_swamp,
          evilmike_swamp_ruin_house_2, swamp_pool_1_2
Swamp:4:  nzn_swamp_witches_coven, layout_basic_swamp, uniq_nikola
Snake:1:  layout_onion, serial_shops, nicolae_shop_pleasant_corner_grove,
          grunt_megastairs_5
Snake:2:  layout_basic
Snake:3:  layout_onion
Snake:4:  hellmonk_snake_rune_quicksilver_temple, layout_cave_town,
          nicolae_snake_salamander_jacuzzi
Orc:1:    layout_caves, uniq_erolcha
Orc:2:    grunt_orc_cross, layout_diamond_mine, enter_volcano_2, uniq_maurice,
          uniq_urug
Vaults:1: nicolae_vaults_little_squares_5,
          nicolae_vaults_taking_the_gang_shopping, vaults_mumra_lcd,
          lightli_orcish_oven, nicolae_vaults_closet_pinwheel_1,
          grunt_vaults_twisty, vaults_room_mumra_shop_pool,
          vaults_room_stairs_pillars, nicolae_vaults_storage_closets_3,
          nicolae_vaults_prndl, vaults_room_pool, v_misc_15,
          layout_vaults_omnicross, serial_shops, nicolae_shop_rolled_up

Skill      XL: |  1  2  3  4  5  6  7  8  9 10 11 12 13 14 15 16 17 18 19 |
---------------+----------------------------------------------------------+-----
Unarmed Combat | 4 5 6 7 9 10 11 12 14 15 16 17 18 | 18.1
Throwing       | 1 2 4 5 7 8 9 11 12 13 | 13.1
Invocations    | 1 4 6 8 10 12 | 12.0
Shields        | 1 7 12 15 | 15.0
Fighting       | 3 5 6 8 9 |  9.3
Dodging        | 3 5 6 8 |  8.0
Armour         | 2 5 8 |  8.0
Spellcasting   | 2 |  2.0
Translocations | 2 |  2.4
Shapeshifting  | |  3.0

Action                     |  1- 3 |  4- 6 |  7- 9 | 10-12 | 13-15 | 16-18 | 19-21 || total
---------------------------+-------+-------+-------+-------+-------+-------+-------++-------
  Melee: Unarmed           |    97 |   105 |   188 |   429 |   972 |   835 |   186 ||  2812
         Punch             |     1 |     3 |     8 |    38 |       |       |       ||    50
  Throw: Boomerang         |       |       |     6 |    35 |   191 |   211 |    75 ||   518
         Dart              |       |       |     5 |     5 |     6 |       |       ||    16
         Throwing net      |       |       |       |     3 |       |       |       ||     3
         Large rock        |       |       |       |     1 |       |       |       ||     1
         Javelin           |       |       |       |       |     3 |     3 |       ||     6
   Cast: Blink             |       |       |       |       |       |     1 |       ||     1
 Invoke: Slouch            |       |       |       |     1 |     4 |     8 |     1 ||    14
Ability: Begin Untransform |     1 |       |       |       |       |       |       ||     1
  Evoke: Wand              |       |       |     2 |       |     1 |       |       ||     3
    Use: Scroll            |       |       |     5 |    10 |    14 |    14 |     3 ||    46
         Potion            |       |       |       |       |       |     8 |     4 ||    12
   Stab: Sleeping          |       |     1 |       |       |       |       |       ||     1
         Paralysed         |       |       |     2 |       |       |       |       ||     2
         Held in net/web   |       |       |       |     2 |       |       |       ||     2
         Invisible         |       |       |       |       |       |       |     5 ||     5
 Armour: Animal skin       |    68 |    62 |    69 |       |       |       |       ||   199
         Steam dragon scal |       |       |    62 |    93 |       |       |       ||   155
         Quicksilver drago |       |       |       |   338 |   593 |   588 |   107 ||  1626
  Dodge: Dodged            |    40 |    37 |    79 |   153 |   254 |   209 |    47 ||   819
  Block: Kite shield       |       |       |       |     3 |   475 |       |       ||   478
         Tower shield      |       |       |       |       |   223 |  1096 |   162 ||  1481

Table legend: (Time is in decaauts)
 A = Elapsed time spent in this place.
 B = Non-inter-level travel time spent in this place.
 C = Inter-level travel time spent in this place.
 D = Time resting spent in this place.
 E = Time spent auto-exploring this place.
 F = Levels seen in this place.
 G = Mean time per level.
                   A        B        C        D        E       F      G
               +--------+--------+--------+--------+--------+-----+--------+
         Total |  44221 |  38448 |   5773 |   1086 |  30483 |  33 | 1340.0 |
       Dungeon |  17372 |  15304 |   2068 |    408 |  12475 |  15 | 1158.1 |
        Temple |    118 |      3 |    115 |      0 |      0 |   1 |  118.0 |
          Lair |   9352 |   8198 |   1154 |     82 |   6767 |   5 | 1870.4 |
         Swamp |   5498 |   4874 |    624 |    140 |   3630 |   4 | 1374.5 |
     Snake Pit |   7644 |   6528 |   1116 |    329 |   5027 |   4 | 1911.0 |
  Orcish Mines |   3006 |   2634 |    372 |    100 |   2060 |   2 | 1503.0 |
        Vaults |    897 |    576 |    321 |      0 |    385 |   1 |  897.0 |
        Bailey |    329 |    329 |      0 |     26 |    138 |   1 |  329.0 |
               +--------+--------+--------+--------+--------+-----+--------+

Top non-repeatable levels by time:
 Snake:4: 2414 daAuts
  Lair:5: 2343 daAuts
    D:13: 1989 daAuts
  Lair:3: 1948 daAuts
   Orc:2: 1945 daAuts
    D:12: 1894 daAuts
 Snake:2: 1866 daAuts
  Lair:2: 1806 daAuts
  Lair:1: 1797 daAuts
 Snake:1: 1755 daAuts
 Swamp:3: 1733 daAuts
 Snake:3: 1607 daAuts
 Swamp:4: 1586 daAuts
    D:10: 1513 daAuts
  Lair:4: 1456 daAuts
